 Dungeon Sprint DCSS version 0.19-a0-1922-g1e9a4c1 (webtiles) character file.

3200000 packetloss the Axe Maniac (level 21, 0/224 HPs)
             Began as a Hill Orc Berserker on Oct 25, 2016.
             Slain by a meat berserker
             ... wielding a +9 battleaxe
              (59 damage)
             ... in the Dungeon (Sprint VIII: "Arena of Blood").
             The game lasted 00:02:44 (32 turns).

packetloss the Axe Maniac (Hill Orc Berserker)        Turns: 32, Time: 00:02:44

Health: 0/224      AC:  4    Str: 26    XL:     21   Next: 43%
Magic:  21/47      EV: 31    Int:  7    God:
Gold:   0          SH:  0    Dex: 14    Spells: 0 memorised, 65 levels left

rFire  . . .     SeeInvis .     j - +∞ Axe of Woe
rCold  . . .     Gourm    .     b - +0 animal skin
rNeg   . . .     Faith    .     (shield currently unavailable)
rPois  .         Spirit   .     (no helmet)
rElec  .         Reflect  .     (no cloak)
rCorr  .         Harm     .     (no gloves)
MR     +....     NoTele   +     (no boots)
Stlth  +++++++++.               (no amulet)
                                (no ring)
                                k - +30 ring of slaying

@: no status effects
A: no striking features
a: no special abilities


You were in the Dungeon.
You were not hungry.

You visited 1 branch

Inventory:

Hand Weapons
 a - a +0 hand axe
 j - the +∞ Axe of Woe (weapon)
   (You found it in the Dungeon)
Armour
 b - a +0 animal skin (worn)
Jewellery
 k - a +30 ring of slaying (left hand)
   (You took it off an ogre in the Dungeon)
Scrolls
 i - a scroll of blinking {!r}
Potions
 d - a potion of curing
 f - a potion of haste
 g - 2 potions of magic
 h - a potion of berserk rage {!q}
Comestibles
 c - a bread ration {@e1}


   Skills:
 O Level 27 Fighting
 O Level 27 Axes
 O Level 27 Throwing
 O Level 27 Armour
 O Level 27 Dodging
 O Level 27 Stealth
 + Level 22.6 Spellcasting


You had 65 spell levels left.
You didn't know any spells.

Dungeon Overview and Level Annotations

Branches:
Dungeon (1/1)

Altars:
Makhleb


Message History

Trog accepts your kill.
You have mastered Stealth!
You need to enable at least one skill for training.
Trog doesn't appreciate your training magic!
You feel extremely guilty.
Your Spellcasting skill gained 11 levels and is now at level 11!
You hear a shout!
The meat berserker rages.
You hear a shout! x3
The meat berserker hits you with a +9 battleaxe!
You hear a shout! x2 3 orcs and a vampire knight come into view.
The destroyer is wielding a +9 great sword of slicing.
You take 6 damage, and have 161/216 hp.
A meat berserker comes into view. It is wielding a +9 battleaxe.
You hear a shout! x4
The bag of meat is engulfed in roaring flames.
You hear a shout! x3
The bag of meat moves out of view.
The meat berserker rages.
The bag of meat is engulfed in roaring flames.
You hear a shout!
The large bag of meat appears out of thin air!
A large bag of meat comes into view. It is wielding a +9 giant spiked club.
You hear a shout!
An orc and an ogre come into view.
Items here: ( ) = † a +9 battleaxe; a +30 ring of slaying; 6 steel javelins; a meat berserker corpse The bag of meat shouts! x2; The destroyer shouts!
The large bag of meat shouts!
You slice the bag of meat!!
You fatally mangle the bag of meat.
You kill the bag of meat!
Trog accepts your kill.
Trog doesn't appreciate your training magic!
You feel extremely guilty.
Your Spellcasting skill gained 4 levels and is now at level 15!
You open the bag of meat like a pillowcase!!!
You cleave the bag of meat in twain.
You kill the bag of meat!
Trog accepts your kill.
Trog doesn't appreciate your training magic!
You have lost your religion!
Trog does not appreciate desertion!
Your Spellcasting skill gained 3 levels and is now at level 18!
You have reached level 21!
Your experience leads to an increase in your attributes!
Increase (S)trength, (I)ntelligence, or (D)exterity?
You feel agile.
You dice the meat berserker like an onion!!!
You chop the meat berserker into pieces.
You kill the meat berserker!
Your Spellcasting skill gained 4 levels and is now at level 22!
You hear a shout! x2
The bag of meat is engulfed in roaring flames. x3
You hear a shout!
The meat berserker rages.
You hear a shout! x4
The bag of meat is engulfed in roaring flames.
You hear a shout! x2
You regained 6 hp, and now have 167/224 hp.
Unknown command.
Unknown command.
You hear a shout! x3
The meat berserker rages.
You hear a shout!
The bag of meat is engulfed in roaring flames.
You hear a shout! x3
The bag of meat is engulfed in roaring flames.
The sculptor of flesh appears out of thin air!
A sculptor of flesh comes into view. It is wielding a +9 great sword.
Unknown command.
You hear a shout! x3
The bag of meat is engulfed in roaring flames.
You hear a shout!
The destroyer blinks!
The bag of meat is engulfed in roaring flames. x2
You hear a shout! x2
The meat berserker is engulfed in roaring flames.
You hear a shout!
Unknown command.
A bag of meat comes into view. It is wielding a +9 war axe.
You hear a shout! x2
The bag of meat is engulfed in roaring flames.
You hear a shout!
The large bag of meat hits you with a +9 giant spiked club!!!!
Ouch! That really hurt!
* * * LOW HITPOINT WARNING * * *
The bag of meat is engulfed in roaring flames.
You hear a shout! x2
The bag of meat is engulfed in roaring flames.
The bag of meat moves out of view.
You hear a shout!
The bag of meat is engulfed in roaring flames.
The sculptor of flesh appears out of thin air!
A sculptor of flesh comes into view. It is wielding a +9 great sword.
A meat berserker comes into view. It is wielding a +9 battleaxe.
You take 131 damage, and have 37/224 hp.
MASSIVE DAMAGE!!
You feel much better.
The meat berserker hits you with a +9 battleaxe!!!
You die...

.o.o....C... ....
#oo§§o.o# ....
#..§o)oo# .....
##..§oOoo###.....
....###)O........
.%z.._)oC.V......
..#.....#OC.§...#
..#_.<._#@.......
. #..O..#......#.
....._...........
....###.........#
##... ...###.....
#.......# .....
#...z...# .....
......... ...O


You could see a destroyer, a sculptor of flesh, 3 large bags of meat, 4 meat
berserkers and 8 bags of meat.

Vanquished Creatures
  A vampire knight (D)
  6 ogres (D)
  13 orcs (D)
  A hill giant (D)
21 creatures vanquished.

Notes
Turn   | Place    | Note
-------+----------+-------------------------------------------
     0 | D        | packetloss the Hill Orc Berserker began the quest for the Orb.
     0 | D        | Reached XP level 1. HP: 19/19 MP: 1/1
     4 | D        | Noticed a bag of meat
     4 | D        | Noticed a bag of meat
     4 | D        | Noticed a bag of meat
     5 | D        | Noticed a bag of meat
     6 | D        | Noticed a bag of meat
     7 | D        | Killed a bag of meat
     7 | D        | Reached skill level 27 in Axes
     7 | D        | Reached skill level 13 in Armour
     7 | D        | Reached skill level 10 in Dodging
     7 | D        | Reached XP level 2. HP: 26/26 MP: 2/2
     7 | D        | Reached XP level 3. HP: 31/31 MP: 3/3
     7 | D        | Reached XP level 4. HP: 39/39 MP: 4/4
     7 | D        | Reached XP level 5. HP: 45/45 MP: 5/5
     7 | D        | Reached XP level 6. HP: 51/51 MP: 6/6
     7 | D        | Reached XP level 7. HP: 57/57 MP: 7/7
     7 | D        | Reached XP level 8. HP: 64/64 MP: 8/8
     7 | D        | Reached XP level 9. HP: 70/70 MP: 9/9
     7 | D        | Reached XP level 10. HP: 77/77 MP: 10/10
     7 | D        | Reached XP level 11. HP: 82/82 MP: 11/11
     7 | D        | Reached XP level 12. HP: 90/90 MP: 12/12
     8 | D        | Noticed a bag of meat
     8 | D        | Noticed a bag of meat
     8 | D        | Noticed a bag of meat
     8 | D        | Noticed a bag of meat
     8 | D        | Noticed a meat berserker
     8 | D        | Killed a meat berserker
     8 | D        | Reached ** piety under Trog
     8 | D        | Reached skill level 21 in Armour
     8 | D        | Reached skill level 17 in Dodging
     8 | D        | Reached XP level 13. HP: 95/95 MP: 13/13
     8 | D        | Reached XP level 14. HP: 102/102 MP: 14/14
     8 | D        | Killed a bag of meat
     8 | D        | Reached skill level 23 in Armour
     8 | D        | Reached skill level 18 in Dodging
    11 | D        | Noticed a large bag of meat
    11 | D        | Noticed a meat berserker
    11 | D        | Killed a bag of meat
    11 | D        | Reached skill level 24 in Armour
    11 | D        | Reached skill level 20 in Dodging
    11 | D        | Reached XP level 15. HP: 107/107 MP: 15/15
    11 | D        | Reached *** piety under Trog
    11 | D        | Reached skill level 26 in Armour
    11 | D        | Reached skill level 21 in Dodging
    13 | D        | Reached skill level 27 in Armour
    13 | D        | Reached skill level 23 in Dodging
    13 | D        | Reached XP level 16. HP: 115/115 MP: 16/16
    14 | D        | Reached skill level 25 in Dodging
    14 | D        | Reached skill level 26 in Dodging
    16 | D        | Killed a meat berserker
    16 | D        | Reached **** piety under Trog
    16 | D        | Received a gift from Trog
    16 | D        | Reached skill level 27 in Dodging
    16 | D        | Reached skill level 21 in Fighting
    16 | D        | Reached XP level 17. HP: 176/176 MP: 17/17
    16 | D        | Reached skill level 25 in Fighting
    17 | D        | Reached skill level 27 in Fighting
    17 | D        | Reached skill level 10 in Throwing
    17 | D        | Reached XP level 18. HP: 200/200 MP: 18/18
    18 | D        | Noticed a meat berserker
    19 | D        | Noticed a meat berserker
    19 | D        | Killed a large bag of meat
    19 | D        | Reached skill level 15 in Throwing
    20 | D        | Noticed a meat berserker
    21 | D        | Received a gift from Trog
    21 | D        | Reached skill level 19 in Throwing
    22 | D        | Noticed a meat berserker
    23 | D        | Noticed a meat berserker
    23 | D        | Noticed a destroyer
    23 | D        | Noticed a destroyer
    23 | D        | Killed a meat berserker
    23 | D        | Reached ***** piety under Trog
    23 | D        | Reached skill level 24 in Throwing
    23 | D        | Reached XP level 19. HP: 166/207 MP: 19/19
    24 | D        | Noticed a large bag of meat
    24 | D        | Killed a meat berserker
    24 | D        | Reached skill level 27 in Throwing
    24 | D        | Reached skill level 12 in Stealth
    25 | D        | Noticed a large bag of meat
    25 | D        | Reached skill level 17 in Stealth
    26 | D        | Noticed a meat berserker
    26 | D        | Killed a destroyer
    26 | D        | Received a gift from Trog
    26 | D        | Received a gift from Trog
    26 | D        | Reached skill level 25 in Stealth
    26 | D        | Reached XP level 20. HP: 174/216 MP: 20/20
    26 | D        | Killed a meat berserker
    26 | D        | Reached skill level 27 in Stealth
    26 | D        | Reached skill level 11 in Spellcasting
    27 | D        | Noticed a destroyer
    27 | D        | Noticed a meat berserker
    28 | D        | Noticed a meat berserker
    28 | D        | Noticed a large bag of meat
    28 | D        | Reached skill level 15 in Spellcasting
    28 | D        | Fell from the grace of Trog
    28 | D        | Reached skill level 18 in Spellcasting
    28 | D        | Reached XP level 21. HP: 167/224 MP: 20/43
    28 | D        | Killed a meat berserker
    28 | D        | Reached skill level 22 in Spellcasting
    31 | D        | HP: 37/224 [large bag of meat/+9 giant spiked club (132)]
    32 | D        | Noticed a meat berserker
    32 | D        | Slain by a meat berserker

Vault maps used:
D:        meatsprint

Skill      XL: |  1  2  3  4  5  6  7  8  9 10 11 12 13 14 15 16 17 18 19 20 21 |
---------------+----------------------------------------------------------------+-----
Axes           | 27 | 27.0
Armour         | 13 21 24 27 | 27.0
Dodging        | 10 17 20 23 27 | 27.0
Fighting       | 21 27 | 27.0
Throwing       | 10 24 27 | 27.0
Stealth        | 25 27 | 27.0
Spellcasting   | 18 22 | 22.6

Action                   |  1- 3 |  4- 6 |  7- 9 | 10-12 | 13-15 | 16-18 | 19-21 || total
-------------------------+-------+-------+-------+-------+-------+-------+-------++-------
Melee: Executioner's axe |     1 |       |       |     1 |     2 |     6 |     4 ||    14
  Use: Potion            |       |       |       |       |       |       |     1 ||     1
Dodge: Dodged            |       |       |       |       |       |       |     1 ||     1

Vault maps used:
D:        meatsprint

Table legend:
 A = Turns spent in this place as a percentage of turns spent in the entire game.
 B = Non-inter-level travel turns spent in this place as a percentage of non-inter-level travel turns spent in the entire game.
 C = Inter-level travel turns spent in this place as a percentage of turns spent in this place.
 D = Turns resting spent in this place as a percentage of non-inter-level travel turns spent in this place.
 E = Turns spent auto-exploring this place as a percentage of non-inter-level travel turns spent in this place.
 F = Non-inter-level travel turns spent in this place divided by the number of levels of this place that you've seen.
                   A       B       C       D       E      F
               +-------+-------+-------+-------+-------+----------------------
         Total | 100.0 | 100.0 |   0.0 |   0.0 |   0.0 |  61.0
       Dungeon | 100.0 | 100.0 |   0.0 |   0.0 |   0.0 |  61.0
               +-------+-------+-------+-------+-------+----------------------

Table legend:
 A = Kills in this place as a percentage of kills in entire the game.
 B = Kills by you in this place as a percentage of kills by you in the entire game.
 C = Kills by friends in this place as a percentage of kills by friends in the entire game.
 D = Other kills in this place as a percentage of other kills in the entire game.
 E = Experience gained in this place as a percentage of experience gained in the entire game.
 F = Experience gained in this place divided by the number of levels of this place that you have seen.
                   A       B       C       D       E      F
               +-------+-------+-------+-------+-------+----------------------
         Total | 100.0 | 100.0 |  -nan |  -nan | 100.0 | 536191.0
       Dungeon | 100.0 | 100.0 |  -nan |  -nan | 100.0 | 536191.0
               +-------+-------+-------+-------+-------+----------------------
